 Dungeon Crawl Stone Soup version 0.28-a0-1114-g8eb0198dcf (webtiles) character file.

Game seed: 5089287699624590383

34 Mathemagician the Chopper (level 3, -1/49 HPs)
             Began as a Minotaur Berserker on Dec 11, 2021.
             Was a Follower of Trog.
             Slain by an orc wizard (3 damage)
             ... on level 2 of the Dungeon.
             The game lasted 01:04:25 (1991 turns).

Mathemagician the Chopper (Minotaur Berserker)      Turns: 1991, Time: 01:04:26

Health: -1/49      AC:  3    Str: 23    XL:     3   Next: 14%
Magic:  2/2        EV: 12    Int:  4    God:    Trog [*.....]
Gold:   13         SH:  0    Dex:  9    Spells: 2/2 levels left

rFire   . . .      SeeInvis .   a - +0 hand axe
rCold   . . .      Faith    .   (no shield)
rNeg    . . .      Spirit   .   b - +0 animal skin
rPois   .          Reflect  .   (helmet restricted)
rElec   .          Harm     .   (no cloak)
rCorr   .          Rampage  .   (no gloves)
Will    .....                   c - +0 pair of boots
Stlth   ..........              (no amulet)
HPRegen 0.16/turn               (no ring)
MPRegen 0.08/turn               (no ring)

@: confused, berserking (expiring), very quick
A: horns 2, retaliatory headbutt
a: Renounce Religion, Berserk


You were on level 2 of the Dungeon.
You worshipped Trog.
Trog was aware of your devotion.
You visited 1 branch of the dungeon, and saw 2 of its levels.

You collected 13 gold pieces.

Inventory:

Hand Weapons
 a - a +0 hand axe (weapon)
Missiles
 d - 61 stones (quivered)
 e - 18 bolts
Armour
 b - a +0 animal skin (worn)
 c - a +0 pair of boots (worn)
Scrolls
 f - a scroll of teleportation {unknown}
 g - a scroll of amnesia {unknown}
 h - a scroll of identify {unknown}
Potions
 i - a potion of degeneration {unknown}


   Skills:
 + Level 4.0 Fighting
 * Level 4.3 Axes
 + Level 3.0 Armour
 + Level 2.6 Dodging


You had 2 spell levels left.
You didn't know any spells.
Your spell library was empty.

Dungeon Overview and Level Annotations

Branches:
Dungeon (2/15)

Altars:


Innate Abilities, Weirdness & Mutations

You have a pair of horns on your head.
You reflexively headbutt those who attack you in melee.


Message History

You kill the orc!
Trog accepts your kill.
You hear some strange, mumbled words.
You are confused.
Your Fighting skill increases to level 4!
You're too confused to move!
A magic dart appears from out of thin air!
The magic dart hits you.
You're too confused to move!
You bump into the rock wall.
You hear some strange, mumbled words.
A puff of flame appears from out of thin air!
The puff of flame hits you.
Okay, then.
Something hits you.
You bump into the rock wall.
Something completely misses you.
You feel less confused.
You hear some strange, mumbled words.
A puff of flame appears from out of thin air!
The puff of flame hits you!
* * * LOW HITPOINT WARNING * * *
Okay, then.
A red film seems to cover your vision as you go berserk!
You feel yourself moving faster!
You feel mighty!
You feel a strong urge to attack something.
Something hits you.
* * * LOW HITPOINT WARNING * * *
You miss something. Something hits you but does no damage.
You closely miss something. Your headbutt misses something. Something hits you.
* * * LOW HITPOINT WARNING * * *
You barely miss something. You barely miss something.
Something hits you but does no damage.
You miss something.
You hear some strange, mumbled words.
You are confused.
You bump into the rock wall.
You bump into the rock wall.
You feel a strong urge to attack something.
Something hits you.
You die...

###
#######.#
#<..@{..#
#######)#
#.#
#.########
#........#
########(#
#)# #o#
#.#


There were no monsters in sight!

Vanquished Creatures
  2 orcs (D:2)
  3 endoplasms (D:1)
  2 giant cockroaches (D:1)
  3 hobgoblins (D:1)
  3 jackals (D:1)
  3 quokkas (D:1)
  2 ball pythons (D:1)
  2 bats (D:1)
  A frilled lizard (D:1)
  A goblin (D:1)
  2 kobolds (D:1)
  5 rats
29 creatures vanquished.

Notes
Turn   | Place    | Note
-------+----------+-------------------------------------------
     0 | D:1      | Mathemagician the Minotaur Berserker began the quest for
                  | the Orb.
     0 | D:1      | Reached XP level 1. HP: 19/19 MP: 0/0
   415 | D:1      | Reached XP level 2. HP: 27/27 MP: 1/1
   562 | D:1      | Found a faded altar of an unknown god.
  1371 | D:1      | Reached XP level 3. HP: 32/33 MP: 2/2
  1986 | D:2      | HP: 2/49 [something (2)]
  1991 | D:2      | Slain by an orc wizard

Illustrated notes

Levels and vault maps discovered:
D:1:      dpeg_arrival_water_temple_mockup, layout_loops_ring,
          shapermc_ecumenical_altar_starsandcircs, minmay_misc_feat_pillars
D:2:      layout_basic, basic_altar

Skill      XL: |  1  2  3 |
---------------+----------+-----
Axes           | 4 |  4.3
Armour         | 3 |  3.0
Fighting       | 4 |  4.0
Dodging        | |  2.6

Action                   || total
-------------------------++-------
Melee: Hand axe          ||    56
       Headbutt          ||     5
Throw: Stone             ||    55
Invok: Berserk           ||     1
Armor: Animal skin       ||    12
Dodge: Dodged            ||    39

Table legend: (Time is in decaauts)
 A = Elapsed time spent in this place.
 B = Non-inter-level travel time spent in this place.
 C = Inter-level travel time spent in this place.
 D = Time resting spent in this place.
 E = Time spent auto-exploring this place.
 F = Levels seen in this place.
 G = Mean time per level.
                   A        B        C        D        E       F      G
               +--------+--------+--------+--------+--------+-----+--------+
         Total |   1999 |   1786 |    213 |    221 |    140 |   2 |  999.5 |
       Dungeon |   1999 |   1786 |    213 |    221 |    140 |   2 |  999.5 |
               +--------+--------+--------+--------+--------+-----+--------+

Top non-repeatable levels by time:
     D:1: 1912 daAuts
     D:2: 86 daAuts
